 Dungeon Crawl Stone Soup version 0.27-a0-1177-g245c70e1c0 (webtiles) character file.

Game seed: 18249445596191507738

104 Froggeryz the Chopper (level 4, -2/35 HPs)
             Began as a Demonspawn Fighter on May 16, 2021.
             Killed by nerve-wracking pain
             ... invoked by an orc priest
              (12 damage)
             ... on level 3 of the Dungeon.
             The game lasted 00:01:36 (3052 turns).

Froggeryz the Chopper (Demonspawn Fighter)          Turns: 3052, Time: 00:01:36

Health: -2/35      AC:  6    Str: 18    XL:     4   Next: 52%
Magic:  4/4        EV:  7    Int: 11    God:
Gold:   55         SH:  9    Dex: 12    Spells: 3/3 levels left

rFire    . . .     SeeInvis .   a - +0 war axe
rCold    . . .     Faith    .   c - +0 kite shield
rNeg     . . .     Spirit   .   b - +0 scale mail
rPois    .         Reflect  .   (no helmet)
rElec    .         Harm     .   (no cloak)
rCorr    .         Rampage  .   (no gloves)
Will     .....                  (no boots)
Stlth    ..........             (no amulet)
HPRegen  0.11/turn              (no ring)
MPRegen  0.09/turn              (no ring)

@: no status effects
A: ignite blood 1, big brain 1
a: no special abilities


You were on level 3 of the Dungeon.
You visited 1 branch of the dungeon, and saw 3 of its levels.

You collected 55 gold pieces.

Inventory:

Hand Weapons
 a - a +0 war axe (weapon)
Missiles
 e - 16 poisoned darts
 f - 7 boomerangs (quivered)
Armour
 b - a +0 scale mail (worn)
 c - a +0 kite shield (worn)
Jewellery
 l - an amulet of faith
Wands
 k - a wand of iceblast (3)
Scrolls
 i - a scroll of identify {unknown}
 m - a scroll of vulnerability {unknown}
 o - 2 scrolls of teleportation {unknown}
Potions
 d - a potion of might
 g - a potion of heal wounds {unknown}
 h - a potion of ambrosia {unknown}
 j - a potion of attraction {unknown}
 n - a potion of magic {unknown}


   Skills:
 - Level 3.0 Fighting
 * Level 4.1 Axes
 - Level 2.6 Armour
 + Level 3.1 Shields


You had 3 spell levels left.
You didn't know any spells.
Your spell library was empty.

Dungeon Overview and Level Annotations

Branches:
Dungeon (3/15)

Altars:


Innate Abilities, Weirdness & Mutations

Your demonic aura sometimes causes spilled blood to erupt in flames.
You have an unusually large brain. (Int +2)


Message History

The orc hits you but does no damage. x2
You barely miss the orc priest. You completely miss the orc.
You barely miss the orc. You block the orc priest's attack.
The orc hits you with a +0 hand axe. You block the orc's attack.
The orc priest hits you with a +0 whip. The orc hits you with a +0 hand axe.
The orc closely misses you.
There are monsters nearby!
There are monsters nearby!
You slash the orc priest!
The orc priest is heavily wounded.
Your shield and scale mail prevent you from hitting the orc.
You hit the orc but do no damage. The orc priest hits you with a +0 whip.
You block the orc's attack. The orc hits you with a +0 hand axe.
You hit the orc priest.
The orc priest is heavily wounded.
You hit the orc. You slash the orc!
You kill the orc!
The orc priest hits you but does no damage.
You block the orc's attack. The orc priest closely misses you.
The orc hits you with a +0 hand axe.
You barely miss the orc priest.
The orc priest is heavily wounded.
You closely miss the orc. You barely miss the orc.
The orc hits you with a +0 whip. The orc priest hits you with a +0 whip.
The orc hits you but does no damage.
Unknown command.
You hit the orc priest.
The orc priest is almost dead.
You hit the orc. You slash the orc!
You kill the orc!
You block the orc's attack. You block the orc priest's attack.
The orc barely misses you. The orc priest completely misses you.
Unknown command.
You barely miss the orc priest.
The orc priest is almost dead.
You hit the orc. The orc hits you with a +0 whip.
* * * LOW HITPOINT WARNING * * *
The orc priest invokes the aid of Beogh against you.
Pain shoots through your body!
You die...

.. #.....#.#
.#.#.......# .
......#.#
#.#.#...#.#
#.#.#.....
....... #†#.oo#
#.#.)@# #.#..)#
#######.#..####.
.......<........#
.............####
#######.#..###
..#..# ##.#....
#.#..###


You could see an orc priest and an orc.

Vanquished Creatures
  Ijyb (D:3)
  An adder (D:2)
  2 worms (D:2)
  3 orcs
  6 endoplasms (D:1)
  2 giant cockroaches (D:1)
  4 goblins
  8 hobgoblins
  10 jackals
  2 quokkas
  4 ball pythons
  2 bats (D:2)
  4 kobolds
  4 rats
53 creatures vanquished.

Notes
Turn   | Place    | Note
-------+----------+-------------------------------------------
     0 | D:1      | Froggeryz the Demonspawn Fighter began the quest for the
                  | Orb.
     0 | D:1      | Reached XP level 1. HP: 18/18 MP: 1/1
    19 | D:1      | Reached skill level 2 in Axes
   152 | D:1      | Gained mutation: You have an unusually large brain. (Int
                  | +2) [demonic ancestry]
   152 | D:1      | Reached XP level 2. HP: 17/24 MP: 2/2
   571 | D:1      | Found a faded altar of an unknown god.
   605 | D:1      | Reached skill level 3 in Axes
   903 | D:1      | Gained mutation: Your demonic aura sometimes causes spilled
                  | blood to erupt in flames. [demonic ancestry]
   903 | D:1      | Reached XP level 3. HP: 23/29 MP: 3/3
  2760 | D:2      | Reached XP level 4. HP: 34/35 MP: 4/4
  3026 | D:3      | Noticed Ijyb
  3028 | D:3      | Killed Ijyb
  3029 | D:3      | Reached skill level 4 in Axes
  3052 | D:3      | Killed from afar by an orc priest

Illustrated notes

Levels and vault maps discovered:
D:1:      sevenhm_arrival_forest_fort_small_6, layout_basic,
          hellmonk_ecumenical_altar_heavens_door
D:2:      layout_basic
D:3:      layout_basic, serial_corexii_hall, corexii_hall_statues_x,
          chequers_hall_statues_wall_a, chequers_hall_statues_wall_a,
          corexii_hall_statues_s, corexii_item_surrounded_by_moat,
          minmay_checkerbox, uniq_ijyb

Skill      XL: |  1  2  3  4 |
---------------+-------------+-----
Axes           | 2 3 4 |  4.1
Shields        | 3 |  3.1
Fighting       | |  3.0
Armour         | |  2.6

Action                   |  1- 3 |  4- 6 || total
-------------------------+-------+-------++-------
Melee: War axe           |   143 |    18 ||   161
Evoke: Wand              |       |     2 ||     2
Armor: Scale mail        |    72 |     8 ||    80
Dodge: Dodged            |    40 |    12 ||    52
Block: Kite shield       |    82 |    11 ||    93

Table legend: (Time is in decaauts)
 A = Elapsed time spent in this place.
 B = Non-inter-level travel time spent in this place.
 C = Inter-level travel time spent in this place.
 D = Time resting spent in this place.
 E = Time spent auto-exploring this place.
 F = Levels seen in this place.
 G = Mean time per level.
                   A        B        C        D        E       F      G
               +--------+--------+--------+--------+--------+-----+--------+
         Total |   3146 |   2987 |    159 |    382 |   2228 |   3 | 1048.7 |
       Dungeon |   3146 |   2987 |    159 |    382 |   2228 |   3 | 1048.7 |
               +--------+--------+--------+--------+--------+-----+--------+

Top non-repeatable levels by time:
     D:2: 1665 daAuts
     D:1: 1447 daAuts
     D:3: 33 daAuts
